 Dungeon Crawl Stone Soup version 0.17-a0-1805-g6093636 (webtiles) character file.

165426 kae the Fencer (level 17, -2/122 HPs)
             Began as a High Elf Skald on Sept 12, 2015.
             Was the Champion of Okawaru.
             Blown up by an orb spider (11 damage)
             ... with a wavering orb of destruction
             ... on level 3 of the Spider Nest.
             The game lasted 01:24:40 (40624 turns).

kae the Fencer (High Elf Skald)                    Turns: 40624, Time: 01:24:40

Health: -2/122     AC: 16    Str: 11    XL:     17   Next: 27%
Magic:  2/21       EV: 27    Int: 21    God:    Okawaru [******]
Gold:   970        SH: 17    Dex: 33    Spells: 2 memorised, 17 levels left

rFire  x . .     SeeInvis .     b - +9 double sword (holy)
rCold  + . .     Clarity  .     o - +0 ring mail of Zefupt {Regen+} (curse)
rNeg   . . .     SustAt   .     J - +2 shield {rC+}
rPois  +         Gourm    .     (helmet restricted)
rElec  .         Spirit   .     G - +2 cloak {rPois}
rCorr  .         Warding  .     E - +2 pair of fencer's gloves {LBl+4 SBl+4 EV+3 Dex+6}
rMut   .         Stasis   .     h - +0 pair of boots
MR     +....                    S - amulet "Nuunk" {rF- Regen+ Int+2 Dex+4}
Stlth  ++........               j - +5 ring of slaying
                                e - +3 ring of dexterity

@: lethally poisoned (-2 -> -24), somewhat resistant to hostile enchantments,
unstealthy
A: antennae 1
a: Heroism, Finesse, Renounce Religion


You were on level 3 of the Spider Nest.
You worshipped Okawaru.
Okawaru was exalted by your worship.
You were hungry.

You visited 5 branches of the dungeon, and saw 31 of its levels.
You also visited: Labyrinth.

You collected 3184 gold pieces.
You spent 2214 gold pieces at shops.

Inventory:

Hand weapons
 a - a +6 scimitar of flaming
 b - a +9 double sword of holy wrath (weapon)
 c - the +1 falchion of the Equator {venom, rC+}
   (You found it on level 7 of the Dungeon)

   It poisons the flesh of those it strikes.
   It protects you from cold.
Missiles
 n - 6 javelins of returning (quivered)
Armour
 h - a +0 pair of boots (worn)
 l - the +0 cloak of Virtue {rElec}
   (You acquired it on level 2 of the Lair of Beasts)

   It insulates you from electricity.
 o - the cursed +0 ring mail of Zefupt (worn) {Regen+}
   (You found it on level 5 of the Lair of Beasts)

   It increases your rate of regeneration.
   It has a curse placed upon it.
 r - a +0 crystal plate armour
 E - the +2 pair of fencer's gloves (worn) {LBl+4 SBl+4 EV+3 Dex+6}
   (You bought it in a shop on level 1 of the Orcish Mines)

   It affects your evasion (+3).
   It affects your dexterity (+6).
 G - a +2 cloak of poison resistance (worn)
 J - a +2 shield of cold resistance (worn)
 K - a +1 gold dragon armour
 L - a +1 helmet of see invisible
 N - the +2 cloak of Fun and Games {*Corrode rF+ Regen+ Dex+3}
   (Okawaru gifted it to you on level 7 of the Lair of Beasts)

   It affects your dexterity (+3).
   It protects you from fire.
   It increases your rate of regeneration.
   It may corrode your equipment when you take damage.
 Z - the +5 helmet of Okawaru's Esteem {Str+2}
   (You bought it in a shop on level 4 of the Orcish Mines)

   It affects your strength (+2).
Jewellery
 d - an uncursed ring of magical power
 e - a +3 ring of dexterity (left hand)
 j - a +5 ring of slaying (right hand)
 k - an uncursed ring of sustain attributes
 u - an uncursed ring of positive energy
 v - an uncursed amulet of guardian spirit
 S - the amulet "Nuunk" (around neck) {rF- Regen+ Int+2 Dex+4}
   (You found it on level 8 of the Lair of Beasts)

   [amulet of regeneration]

   It affects your intelligence (+2).
   It affects your dexterity (+4).
   It makes you vulnerable to fire.
   It increases your rate of regeneration.
 X - an uncursed amulet of stasis
Magical devices
 i - a wand of teleportation (3)
 p - a wand of random effects (17)
 y - a wand of digging (1)
 M - a wand of digging (12)
 Q - a wand of draining (8)
Scrolls
 g - 6 scrolls of identify
 B - a scroll of summoning
 F - 2 scrolls of recharging
 P - 3 scrolls of teleportation
 R - 2 scrolls of magic mapping
 T - 6 scrolls of remove curse
 V - a scroll of amnesia
Potions
 f - 2 potions of invisibility
 m - 2 potions of lignification
 q - a potion of cancellation
 t - 5 potions of flight
 w - 2 potions of magic
 x - 2 potions of cure mutation
 A - a potion of might
 C - a potion of curing
 D - 2 potions of haste
 H - 2 potions of agility
 I - a potion of ambrosia
 U - a potion of resistance
Books
 z - a book of Transfigurations

   Spells                             Type                      Level
   a - Stoneskin                      Transmutation/Earth          2
   b - Irradiate                      Conjuration/Transmutation    5
   c - Statue Form                    Transmutation/Earth          6
   d - Hydra Form                     Transmutation                6
   e - Dragon Form                    Transmutation                7
 O - a book of Air

   Spells                             Type                      Level
   a - Shock                          Conjuration/Air              1
   b - Swiftness                      Charms/Air                   2
   c - Repel Missiles                 Charms/Air                   2
   d - Static Discharge               Conjuration/Air              3
   e - Lightning Bolt                 Conjuration/Air              5
Comestibles
 s - 50 fruits


   Skills:
 - Level 13.0 Fighting
 - Level 19.4(23.4) Long Blades
 - Level 11.4 Armour
 + Level 12.2 Dodging
 - Level 15.0 Shields
 - Level 2.4 Spellcasting
 - Level 3.6 Charms


You had 17 spell levels left.
You knew the following spells:

 Your Spells              Type           Power        Failure   Level  Hunger
a - Infusion              Chrm           ###...       8%          1    None
b - Shroud of Golubria    Chrm/Tloc      ##........   24%         2    ##.....


Dungeon Overview and Level Annotations

Branches:
Dungeon (15/15)            Temple (1/1) D:7            Lair (8/8) D:9
 Shoals (0/4) Lair:4       Spider (3/4) Lair:5        Slime (0/6) Lair:6
    Orc (4/4) D:12            Elf (0/3) Orc:4        Vaults (0/5) D:13
 Depths (0/5) D:15

Altars:
Ashenzari
Cheibriados
Dithmenos
Elyvilon
Fedhas
Gozag
Kikubaaqudgha
Makhleb
Nemelex Xobeh
Okawaru
Qazlal
Ru
Sif Muna
Trog
Vehumet
Xom
Yredelemnul
Zin
The Shining One
Beogh
Jiyva

Shops:
D:8 }[%   D:10 }!   Orc:1 ([(   Orc:4 (*:[

Portals:
Bazaar: Orc:4

Annotations:
D:3 Loris's ghost, average MfTm
D:6 Duvessa


Innate Abilities, Weirdness & Mutations

You have a pair of small antennae on your head.


Message History

You are too injured to fight recklessly!
You are too injured to fight recklessly!
You are too injured to fight recklessly!
You are too injured to fight recklessly!
You are too injured to fight recklessly!
* * * LOW HITPOINT WARNING * * *
You feel very sick.
* * * LOW HITPOINT WARNING * * *
You feel very sick.
* * * LOW HITPOINT WARNING * * *
You feel very sick.
* * * LOW HITPOINT WARNING * * *
You feel very sick.
* * * LOW HITPOINT WARNING * * *
You feel very sick.
* * * LOW HITPOINT WARNING * * *
You feel very sick.
The orb spider weaves a glowing orb of energy.
The wavering orb of destruction weakly hits you!
You die...

#.....<..>......†.
#......#..........
###..#....##..#.#.
#^....######..#..
##..### ##....
#..## #.... ##..#
# ....#
#s..#####.#. ...
#@...#......
##........#..
##........(...
##...#..##.#.#
#........###
#...#.....#
#......#..#
##.#.....##
####...##


You could see an orb spider.

Vanquished Creatures
  Nikola (Spider:1)
  Rupert (Orc:3)
  A tengu reaver (D:12)
  Maud (D:12)
  2 emperor scorpions
  Aizul (Spider:3)
  Louise (D:14)
  A ghost moth (Spider:3)
  2 orc warlords
  A stone giant (D:12)
  2 slime creatures (D:12)
  A dire elephant (D:15)
  Azrael (Spider:1)
  Snorg (D:10)
  A minotaur (Lab)
  Josephine (D:10)
  8 hydras
  3 centaur warriors
  4 catoblepae
  2 entropy weavers
  Erica (D:8)
  24 death yaks
  The ghost of Turgon the Basher, an experienced DsBe of Trog (D:12)
  A hell knight (D:12)
  Urug (D:10)
  An orc high priest (Orc:4)
  A wizard (D:12)
  An iron troll (D:13)
  3 unseen horrors
  The ghost of Yermak the Covert, an experienced VSAs of Okawaru (D:12)
  4 orc knights
  An unseen horror (shapeshifter) (D:13)
  7 hill giants
  A griffon (Lair:8)
  2 orc sorcerers (Orc:4)
  11 wolf spiders
  2 moths of wrath
  9 orb spiders
  2 manticores
  25 ugly things
  5 cyclopes
  12 elephants
  2 hornets
  12 black mambas
  A salamander (D:15)
  Maurice (D:9)
  2 gargoyles
  3 torpor snails
  5 kobold demonologists
  9 komodo dragons
  17 spiny frogs
  5 demonic crawlers
  3 fire drakes
  A wind drake (shapeshifter) (D:14)
  A red devil (D:8)
  6 trolls
  A wolf spider simulacrum (D:15)
  A polar bear (Lair:8)
  8 jumping spiders
  A trapdoor spider zombie (D:13)
  2 two-headed ogres (D:14)
  2 hornet zombies
  A boulder beetle (Lair:8)
  A raiju (shapeshifter) (D:13)
  38 blink frogs
  100 yaks
  11 tarantellas
  13 redbacks
  A spriggan (shapeshifter) (D:13)
  A blink frog (shapeshifter) (D:12)
  6 trapdoor spiders
  A water elemental (D:12)
  4 deep elf magi
  4 fire elementals (Spider:1)
  4 wraiths
  A golden eye (D:4)
  6 basilisks
  A wyvern (D:8)
  7 hungry ghosts
  2 vampire mosquitoes (D:13)
  10 hippogriffs
  A steam dragon (D:13)
  A warg (Orc:2)
  Menkaure (D:6)
  12 wolves
  Edmund (D:5)
  2 mottled dragons (D:12)
  15 water moccasins
  15 porcupines
  2 hell hounds (Spider:1)
  19 spiders
  7 ice beasts
  2 sky beasts
  An eye of draining (D:12)
  31 orc warriors
  A black bear (D:15)
  A wasp (D:9)
  4 phantoms
  19 centaurs
  10 crocodiles
  2 necrophages
  9 ogres
  7 big kobolds
  A gnoll sergeant (Orc:4)
  27 giant frogs
  4 scorpions
  Dowan (D:6)
  10 killer bees
  5 electric eels
  13 wights
  3 centaur zombies
  7 crimson imps
  3 giant frog zombies
  3 jellies
  42 orc wizards
  A lava snake (D:10)
  A giant frog skeleton (D:12)
  12 iguanas
  14 hounds
  6 centaur skeletons
  27 orc priests
  A quasit (D:13)
  10 worker ants
  23 sheep
  A killer bee zombie (D:8)
  A hound skeleton (D:6)
  105 river rats
  5 gnolls
  19 adders
  3 shadow imps
  4 oozes
  An adder skeleton (D:6)
  A worm (D:3)
  214 orcs
  8 giant cockroaches
  10 goblins
  7 hobgoblins
  20 jackals
  8 quokkas
  3 ball pythons
  A ball python skeleton (D:4)
  6 bats
  4 giant geckos
  9 giant newts
  27 kobolds
  A quokka skeleton (D:8)
  5 rats
  A butterfly (Lair:2)
  4 fungi
  3 plants
1295 creatures vanquished.

Vanquished Creatures (collateral kills)
  A fungus (Lair:2)
1 creature vanquished.

Vanquished Creatures (others)
  2 jumping spiders (Spider:1)
  A spider (Spider:1)
  An orc (Orc:4)
  A butterfly (Lair:6)
  27 fungi
  36 plants
68 creatures vanquished.

Grand Total: 1364 creatures vanquished

Notes
Turn   | Place    | Note
--------------------------------------------------------------
     0 | D:1      | kae the High Elf Skald began the quest for the Orb.
     0 | D:1      | Reached XP level 1. HP: 14/14 MP: 4/4
   235 | D:1      | Reached XP level 2. HP: 13/19 MP: 3/6
   726 | D:1      | Reached skill level 4 in Long Blades
   871 | D:2      | Reached XP level 3. HP: 17/24 MP: 2/7
  1003 | D:2      | Found a sparkling altar of Nemelex Xobeh.
  1005 | D:2      | Found a glowing golden altar of the Shining One.
  1211 | D:2      | Found a shimmering altar of Xom.
  1331 | D:2      | Found a burning altar of Makhleb.
  1729 | D:2      | Reached skill level 5 in Long Blades
  1898 | D:3      | Noticed Loris's ghost (average MfTm)
  1988 | D:2      | Reached XP level 4. HP: 29/29 MP: 8/8
  2268 | D:3      | Found a faded altar to an unknown god.
  2317 | D:3      | Found a snail-covered altar of Cheibriados.
  3253 | D:4      | Reached skill level 6 in Long Blades
  3253 | D:4      | Reached XP level 5. HP: 10/34 MP: 9/9
  3696 | D:4      | Noticed an ogre
  3819 | D:4      | Reached skill level 7 in Long Blades
  4501 | D:4      | Found a stormy altar of Qazlal.
  4636 | D:4      | Reached XP level 6. HP: 39/39 MP: 10/10
  4762 | D:4      | Noticed a golden eye
  4762 | D:4      | an ogre changed into a golden eye
  5253 | D:4      | Killed a golden eye
  5253 | D:4      | Reached skill level 8 in Long Blades
  5419 | D:4      | Reached skill level 9 in Long Blades
  5629 | D:4      | Reached XP level 7. HP: 36/45 MP: 6/11
  5839 | D:4      | Found a white marble altar of Elyvilon.
  5839 | D:4      | Found a sacrificial altar of Ru.
  5843 | D:4      | Found a bloodstained altar of Trog.
  5847 | D:4      | Found a deep blue altar of Sif Muna.
  5849 | D:4      | Found a shattered altar of Ashenzari.
  5877 | D:5      | Entered Level 5 of the Dungeon
  6744 | D:6      | Reached skill level 10 in Long Blades
  6829 | D:6      | Found an ancient bone altar of Kikubaaqudgha.
  7043 | D:6      | Noticed Dowan
  7086 | D:6      | Killed Dowan
  7199 | D:6      | Reached skill level 11 in Long Blades
  7373 | D:6      | Reached XP level 8. HP: 28/50 MP: 3/12
  7729 | D:6      | Reached skill level 12 in Long Blades
  7965 | D:6      | Noticed Duvessa
  8163 | D:6      | Found a basalt altar of Yredelemnul.
  8422 | D:6      | Noticed Menkaure
  8432 | D:6      | Killed Menkaure
  8613 | D:5      | Reached skill level 13 in Long Blades
  8780 | D:6      | Noticed Edmund
  8831 | D:5      | Killed Edmund
  9321 | D:6      | Reached XP level 9. HP: 46/54 MP: 13/13
  9663 | D:7      | Found a staircase to the Ecumenical Temple.
  9693 | Temple   | Entered the Ecumenical Temple
  9702 | Temple   | Became a worshipper of Warmaster Okawaru
  9869 | D:7      | Reached skill level 14 in Long Blades
 10366 | D:7      | Got a fine falchion
 10367 | D:7      | Identified the cursed +1 falchion of the Equator {venom, rC+} (You found it on level 7 of the Dungeon)
 10779 | D:8      | Acquired Okawaru's first power
 11120 | D:8      | Found Bixics's Gadget Boutique.
 11151 | D:8      | Found Tonuav's Food Boutique.
 11166 | D:8      | Reached skill level 5 in Fighting
 11241 | D:8      | Found a burning altar of Makhleb.
 11242 | D:8      | Noticed a hell beast
 11515 | D:8      | Found Inkehotesh's Antique Armour Shop.
 11518 | D:8      | Bought a shiny helmet for 130 gold pieces
 11531 | D:8      | Identified a scroll of acquirement
 12111 | D:8      | Noticed a hell beast
 12115 | D:8      | Noticed a rust devil
 12242 | D:8      | Reached XP level 10. HP: 58/68 MP: 9/14
 12255 | D:8      | Reached skill level 15 in Long Blades
 12500 | D:8      | Noticed a three-headed hydra
 12753 | D:8      | Found a shadowy altar of Dithmenos.
 12776 | D:8      | Noticed Erica
 12786 | D:8      | Killed Erica
 13659 | D:8      | Reached skill level 16 in Long Blades
 13796 | D:8      | Killed a one-headed hydra
 13844 | D:9      | Noticed Maurice
 13853 | D:9      | Killed Maurice
 14226 | D:8      | Reached skill level 17 in Long Blades
 14872 | D:9      | Found a staircase to the Lair.
 14897 | D:9      | Reached XP level 11. HP: 62/72 MP: 13/15
 15632 | Lair:1   | Entered Level 1 of the Lair of Beasts
 16302 | Lair:1   | Received a gift from Okawaru
 16738 | Lair:1   | Reached skill level 10 in Fighting
 16746 | Lair:1   | HP: 4/81 [poison (a potion of poison)]
 16752 | Lair:1   | HP: 4/81 [poison (a potion of poison)]
 16760 | Lair:1   | HP: 3/81 [poison (a potion of poison)]
 19248 | Lair:3   | Reached XP level 12. HP: 70/90 MP: 4/16
 19257 | Lair:3   | Acquired Okawaru's second power
 19404 | Lair:3   | Noticed a seven-headed hydra
 19414 | Lair:3   | Killed a three-headed hydra
 20362 | Lair:3   | Noticed a seven-headed hydra
 20371 | Lair:3   | Killed a two-headed hydra
 20594 | Lair:4   | Found a staircase to the Shoals.
 20836 | Lair:4   | Noticed a catoblepas
 20850 | Lair:4   | Killed a catoblepas
 20850 | Lair:4   | Received a gift from Okawaru
 21053 | Lair:4   | Reached skill level 5 in Dodging
 21621 | Lair:4   | Received a gift from Okawaru
 22275 | Lair:4   | Got a faintly humming ring mail
 22286 | Lair:4   | Identified the +2 ring mail of Het Sosu {rElec} (You found it on level 4 of the Lair of Beasts)
 22681 | Lair:5   | Reached XP level 13. HP: 68/99 MP: 14/17
 23038 | Lair:5   | Found a shimmering altar of Xom.
 23103 | Lair:5   | Reached skill level 10 in Dodging
 23272 | Lair:5   | Got a fine ring mail
 23352 | Lair:5   | Got a diamond-encrusted scale mail
 23430 | Lair:5   | Found a hole to the Spider Nest.
 23785 | Lair:5   | Identified the +0 scale mail of Mirth {Regen+} (You found it on level 5 of the Lair of Beasts)
 23795 | Lair:5   | Identified the cursed +0 ring mail of Zefupt {Regen+} (You found it on level 5 of the Lair of Beasts)
 24105 | Lair:6   | Found a staircase to the Slime Pits.
 24989 | Lair:2   | Got a twisted cloak
 25000 | Lair:2   | Identified the +0 cloak of Virtue {rElec} (You acquired it on level 2 of the Lair of Beasts)
 25008 | Lair:2   | Learned a level 2 spell: Shroud of Golubria
 25162 | Lair:7   | Reached skill level 1 in Shields
 25240 | Lair:7   | Found a labyrinth entrance.
 25255 | Lab      | Entered a labyrinth
 26078 | Lair:7   | Received a gift from Okawaru
 26083 | Lair:7   | Reached skill level 5 in Shields
 26088 | Lair:7   | Got a warped cloak {god gift}
 26105 | Lair:7   | Identified the +2 cloak of Fun and Games {*Corrode rF+ Regen+ Dex+3} (Okawaru gifted it to you on level 7 of the Lair of Beasts)
 26843 | Lair:8   | Entered Level 8 of the Lair of Beasts
 26934 | Lair:8   | Reached XP level 14. HP: 89/106 MP: 12/18
 27121 | Lair:7   | Received a gift from Okawaru
 27225 | Lair:8   | HP: 5/106 [yak (1)]
 27350 | Lair:7   | Reached skill level 10 in Shields
 27953 | Lair:8   | Received a gift from Okawaru
 27979 | Lair:8   | Got a pitted long sword {god gift}
 27980 | Lair:8   | Identified the +3 long sword of the Shoals {vamp, *Corrode Str+3} (Okawaru gifted it to you on level 8 of the Lair of Beasts)
 28075 | Lair:8   | HP: 5/106 [death yak (15)]
 28076 | Lair:8   | HP: 2/106 [death yak (11)]
 29058 | Lair:8   | Got a fine iron amulet
 29398 | Lair:8   | Received a gift from Okawaru
 29437 | Lair:8   | Reached XP level 15. HP: 31/110 MP: 5/19
 29741 | Lair:2   | Identified the amulet "Nuunk" {rF- Regen+ Int+2 Dex+4} (You found it on level 8 of the Lair of Beasts)
 29851 | D:10     | Entered Level 10 of the Dungeon
 29921 | D:10     | Noticed Urug
 29925 | D:10     | Found Wucw's Gadget Boutique.
 29936 | D:10     | Killed Urug
 30042 | D:10     | Found Fedgh's Distillery.
 30045 | D:10     | Bought a potion of lignification for 42 gold pieces
 30045 | D:10     | Bought a potion of beneficial mutation for 490 gold pieces
 30093 | D:10     | Noticed Josephine
 30101 | D:10     | Killed Josephine
 30134 | D:10     | Noticed Snorg
 30214 | D:10     | Killed Snorg
 30768 | D:11     | Found a burning altar of Makhleb.
 31517 | D:12     | Noticed Turgon's ghost (experienced DsBe)
 31522 | D:12     | Killed Turgon's ghost
 31539 | D:12     | Noticed Yermak's ghost (experienced VSAs)
 31555 | D:12     | Killed Yermak's ghost
 31678 | D:12     | Reached skill level 15 in Shields
 31681 | D:12     | Noticed a tengu reaver
 31689 | D:12     | Killed a tengu reaver
 31725 | D:12     | Received a gift from Okawaru
 31779 | D:12     | Reached skill level 18 in Long Blades
 31805 | D:12     | Noticed Maud
 31829 | D:12     | Killed Maud
 31935 | D:12     | Found a staircase to the Orcish Mines.
 32334 | Orc:1    | Entered Level 1 of the Orcish Mines
 32362 | Orc:1    | Found Tupaumadd's Antique Armour Boutique.
 32480 | Orc:1    | Found Vacurch Xophe's Antique Weapon Boutique.
 32569 | Orc:2    | Found a roughly hewn altar of Beogh.
 32667 | Orc:3    | Noticed Rupert
 32685 | Orc:3    | Killed Rupert
 33746 | Orc:1    | Found Naapp's Weapon Shoppe.
 33895 | Orc:1    | Bought the +2 pair of fencer's gloves {LBl+4 SBl+4 EV+3 Dex+6} for 1120 gold pieces
 34222 | Orc:4    | Entered Level 4 of the Orcish Mines
 34257 | Orc:4    | Found a staircase to the Elven Halls.
 34276 | Orc:4    | Found a flickering gateway to a bazaar.
 34556 | Orc:4    | Received a gift from Okawaru
 34693 | Orc:4    | Reached skill level 19 in Long Blades
 34755 | Orc:4    | Found a roughly hewn altar of Beogh.
 34797 | Orc:4    | Reached XP level 16. HP: 77/117 MP: 14/20
 34903 | Orc:4    | Found Zofeu's General Store.
 34906 | Orc:4    | Found Uceuphas's Antique Armour Shoppe.
 34985 | Orc:4    | Bought a crude helmet for 304 gold pieces
 34985 | Orc:4    | Bought a glowing hat for 128 gold pieces
 35204 | Orc:4    | Found Woos's Book Shoppe.
 35219 | Orc:4    | Found Foisucwa's Antique Weapon Shoppe.
 35426 | D:12     | Identified the +5 helmet of Okawaru's Esteem {Str+2} (You bought it in a shop on level 4 of the Orcish Mines)
 35863 | D:13     | Reached skill level 1 in Armour
 36183 | D:13     | Received a gift from Okawaru
 36284 | D:13     | Found a gate to the Vaults.
 36498 | D:14     | Found a deep blue altar of Sif Muna.
 36555 | D:14     | Reached skill level 5 in Armour
 36785 | D:14     | Noticed Louise
 36808 | D:14     | Killed Louise
 37208 | D:15     | Entered Level 15 of the Dungeon
 37611 | D:15     | Found a staircase to the Depths.
 37633 | D:15     | Received a gift from Okawaru
 38052 | D:9      | Gained mutation: You have a pair of small antennae on your head. [potion of beneficial mutation]
 38224 | Spider:1 | Entered Level 1 of the Spider Nest
 38446 | Spider:1 | Noticed Nikola
 38466 | Spider:1 | Killed Nikola
 38639 | Spider:1 | Noticed Azrael
 38667 | Spider:1 | Reached skill level 10 in Armour
 39196 | Spider:1 | Killed Azrael
 39416 | Spider:2 | Reached XP level 17. HP: 122/122 MP: 21/21
 39511 | Spider:2 | Received a gift from Okawaru
 39528 | Spider:2 | You fall through a shaft!
 39533 | Spider:3 | Noticed Aizul
 39556 | Spider:3 | Killed Aizul
 40624 | Spider:3 | Blown up by an orb spider

Vault maps used:
D:1:      dpeg_arrival_shelter, st_stairs_8
D:2:      grunt_temple_overflow_open, xom_teletrap_fun
D:3:      cheibriados_altar_1, ecumenical_altar_2
D:4:      kennysheep_little_box, minitemple
D:5:      first_bread
D:6:      yredelemnul_altar_generic, old_standard_altar,
          kennysheep_generic_room_14, uniq_edmund, uniq_duvessa, uniq_menkaure
D:7:      minmay_temple_entry_overgrown
D:8:      corexii_shantytown, grunt_dithmenos_smoke, serial_shops,
          nicolae_shop_behind_doors, shop_fountains, nicolae_shop_behind_doors,
          hangedman_ranch, lemuel_hellish_altar, uniq_erica
D:9:      minmay_lair_entry_grove, uniq_maurice
D:10:     serial_shops, kennysheep_mini_moat, nicolae_shop_waterfront,
          eino_tiny_chamber, uniq_josephine, uniq_snorg, uniq_urug
D:11:     bloody_makhleb
D:12:     evilmike_diamond_1, hiddenorc2_lemuel, uniq_maud
D:13:     david_vaults_4
D:14:     minmay_parallelograms, basic_altar, amalloy_card_club, uniq_louise
D:15:     hangedman_depths_entry_try_elsewhere_first, minmay_splitting_lines
Temple:   pf_slimified_temple
Lair:1:   grunt_megastairs_3
Lair:2:   lemuel_fruit_fields
Lair:4:   minmay_shoals_entry_centaurs
Lair:5:   spider_nest_entry_web_field, basic_altar, minmay_holes,
          lemuel_another_geyser
Lair:6:   nicolae_slime_entry_slimehenge, serial_bayou_pond_c,
          lemuel_fruit_tree, lemuel_fruit_fields, lemuel_fruit_fields
Lair:7:   lab_entry_generic
Lair:8:   evilmike_catoblepas_cave, enter_volcano_3
Spider:1: uniq_azrael, uniq_nikola
Spider:3: uniq_aizul
Orc:1:    serial_shops, shop_statue, shop, shop_fountains
Orc:2:    basic_altar
Orc:3:    minmay_goldmine, nicolae_orc_pool_cavern, uniq_rupert
Orc:4:    grunt_orc_cross, serial_shops, bzr_firewalk
Lab:      labyrinth_watery, lab_statue

Action                   |  1- 3 |  4- 6 |  7- 9 | 10-12 | 13-15 | 16-18 || total
-------------------------+-------+-------+-------+-------+-------+-------++-------
Melee: Falchion          |   147 |   316 |   601 |       |       |       ||  1064
       Double sword      |       |       |    74 |   697 |  1772 |   739 ||  3282
       Scimitar          |       |       |       |    44 |    38 |     6 ||    88
 Cast: Infusion          |     5 |     8 |     7 |     8 |       |       ||    28
Invok: Heroism           |       |       |     2 |    15 |    23 |     6 ||    46
       Finesse           |       |       |       |       |     1 |       ||     1
Evoke: Wand              |       |     1 |       |     2 |     4 |     1 ||     8
  Use: Scroll            |     6 |     1 |    14 |    11 |    16 |     4 ||    52
       Potion            |       |     4 |     2 |     9 |     6 |     2 ||    23
 Stab: Sleeping          |     1 |       |       |       |     4 |     7 ||    12
       Distracted        |       |       |     1 |       |     2 |     2 ||     5
       Petrifying        |       |       |       |       |     1 |       ||     1
       Held in net/web   |       |       |       |       |       |     1 ||     1
  Eat: Chunk             |     3 |    13 |    21 |    24 |    33 |    10 ||   104
       Fruit             |       |       |     1 |       |     1 |     2 ||     4
       Pizza             |       |       |       |     7 |       |     1 ||     8
       Meat ration       |       |       |       |       |     2 |     1 ||     3
       Bread ration      |       |       |       |       |       |     1 ||     1
